 Dungeon Crawl Stone Soup version 0.27-a0-334-g52645efa06 (webtiles) character file.

Game seed: 5369073568391920401

110 ReteAZ the Sneak (level 5, -4/30 HPs)
             Began as a Kobold Brigand on Feb 13, 2021.
             Killed from afar by an orc wizard (7 damage)
             ... with a puff of flame
             ... on level 3 of the Dungeon.
             The game lasted 00:03:01 (2568 turns).

ReteAZ the Sneak (Kobold Brigand)                   Turns: 2568, Time: 00:03:02

Health: -4/30      AC:  5    Str:  8    XL:     5   Next: 14%
Magic:  5/5        EV: 14    Int: 18    God:
Gold:   183        SH:  9    Dex: 20    Spells: 4/4 levels left

rFire    . . .     SeeInvis .   f - +0 dagger (venom)
rCold    . . .     Faith    .   o - +0 buckler
rNeg     . . .     Spirit   .   b - +0 robe
rPois    .         Reflect  .   (no helmet)
rElec    .         Harm     .   c - +0 cloak
rCorr    .         Rampage  .   t - +0 pair of gloves
Will     .....                  (no boots)
Stlth    +++++.....             (no amulet)
HPRegen  0.10/turn              i - +6 ring of intelligence
MPRegen  0.09/turn              (no ring)

@: no status effects
A: small, icy blue scales 1, large bone plates 1, agile 1, deformed body,
nightstalker 3
a: no special abilities


You were on level 3 of the Dungeon.
You visited 1 branch of the dungeon, and saw 3 of its levels.

You collected 183 gold pieces.

Inventory:

Hand Weapons
 a - a +2 dagger
 f - a +0 dagger of venom (weapon)
Missiles
 d - 8 poisoned darts (quivered)
 e - 2 curare-tipped darts
Armour
 b - a +0 robe (worn)
 c - a +0 cloak (worn)
 o - a +0 buckler (worn)
 t - a +0 pair of gloves (worn)
Jewellery
 i - a +6 ring of intelligence (left hand)
Scrolls
 j - 3 scrolls of identify {unknown}
 n - 2 scrolls of enchant armour {unknown}
 p - a scroll of enchant weapon {unknown}
Potions
 g - 2 potions of curing {unknown}
 h - a potion of magic {unknown}
 k - a potion of haste {unknown}
 l - a potion of attraction {unknown}
 m - a potion of mutation
 q - a potion of flight {unknown}
 r - a potion of brilliance {unknown}
 s - a potion of heal wounds {unknown}


   Skills:
 - Level 2.1 Fighting
 - Level 2.6 Short Blades
 - Level 2.1 Throwing
 + Level 1.4 Dodging
 * Level 7.8 Stealth
 + Level 1.4 Shields


You had 4 spell levels left.
You didn't know any spells.
Your spell library was empty.

Dungeon Overview and Level Annotations

Branches:
Dungeon (3/15)

Altars:


Innate Abilities, Weirdness & Mutations

You are small and have problems with some larger weapons.
You are completely attuned to the shadows.
You are partially covered in icy blue scales. (AC +2)
You are partially covered in large bone plates. (SH +4)
You are agile. (Dex +2)
Armour fits poorly on your strangely shaped body.


Message History

The orc is lightly wounded.
An orc comes into view. It is wielding a +0 mace.
The orc shouts!
You hit the orc.
The orc is poisoned.
The orc is heavily wounded.
The orc hits you but does no damage.
You barely miss the orc.
The orc is severely wounded.
The orc barely misses you.
You hit the orc.
You kill the orc!
You closely miss the orc. The orc hits you with a +0 mace!
You hit the orc.
The orc is poisoned.
The orc is moderately wounded.
You miss something. You closely miss something. Something hits you.
You hit something but do no damage. You closely miss something.
You kill the orc!
Something hits you.
You hit something but do no damage.
You hear some strange, mumbled words.
A magic dart appears from out of thin air!
The magic dart hits you.
You miss something.
You hear some strange, mumbled words.
A magic dart appears from out of thin air!
The magic dart hits you!
* * * LOW HITPOINT WARNING * * *
You hit something but do no damage. Something hits you but does no damage.
You aren't carrying any items that you can evoke.
Unknown command.
It was a potion of mutation.
You feel extremely strange.
You feel agile.
Your body twists and deforms.
Large bone plates grow over parts of your arms.
Icy blue scales grow over part of your body.
You hear some strange, mumbled words.
A puff of flame appears from out of thin air!
The puff of flame hits you!
You die...

........#.#.#.#
........#...#.#
###.....#...#.####
..##.#..#.###....#
#.##.#.......###.#
#.##.#....##.###.#
#....#.#####.#...# #
######....<#.#.###.#
#######.#..@{)#
#.##### #)..# #.#.#
..#.# ### #


There were no monsters in sight!

Vanquished Creatures
  A worker ant (D:2)
  3 adders (D:2)
  A worm (D:2)
  A dart slug (D:1)
  2 leopard geckos (D:2)
  4 orcs (D:3)
  6 bats
  3 giant cockroaches
  8 goblins
  7 hobgoblins
  A kobold (D:2)
  2 frilled lizards (D:2)
  6 rats
45 creatures vanquished.

Notes
Turn   | Place    | Note
-------+----------+-------------------------------------------
     0 | D:1      | ReteAZ the Kobold Brigand began the quest for the Orb.
     0 | D:1      | Reached XP level 1. HP: 12/12 MP: 1/1
   209 | D:1      | Reached XP level 2. HP: 17/17 MP: 2/2
   387 | D:1      | Reached skill level 6 in Stealth
  1244 | D:2      | Reached XP level 3. HP: 21/21 MP: 3/3
  1252 | D:2      | Reached skill level 7 in Stealth
  1252 | D:2      | Reached XP level 4. HP: 23/26 MP: 4/4
  1387 | D:2      | Reached skill level 1 in Shields
  2317 | D:3      | Reached XP level 5. HP: 30/30 MP: 5/5
  2568 | D:3      | Gained mutation: You are agile. (Dex +2) [potion of
                  | mutation]
  2568 | D:3      | Gained mutation: Armour fits poorly on your strangely
                  | shaped body. [potion of mutation]
  2568 | D:3      | Gained mutation: You are partially covered in large bone
                  | plates. (SH +4) [potion of mutation]
  2568 | D:3      | Gained mutation: You are partially covered in icy blue
                  | scales. (AC +2) [potion of mutation]
  2568 | D:3      | Killed from afar by an orc wizard

Illustrated notes

Levels and vault maps discovered:
D:1:      dpeg_arrival_arbitrary_b, layout_basic
D:2:      layout_basic, minmay_splitting_lines
D:3:      layout_basic, grunt_temple_overflow_forces_of_nature,
          chequers_ecumenical_altar_grove, minmay_fountain_box,
          dk_noncrumbling_2, minmay_diced_spiral

Skill      XL: |  1  2  3  4 |
---------------+-------------+-----
Stealth        | 6 7 |  7.8
Shields        | 1 |  1.4
Fighting       | |  2.1
Short Blades   | |  2.6
Throwing       | |  2.1
Dodging        | |  1.4

Action                   |  1- 3 |  4- 6 || total
-------------------------+-------+-------++-------
Melee: Dagger            |    21 |    70 ||    91
Throw: Dart              |       |     1 ||     1
  Use: Potion            |       |     1 ||     1
 Stab: Sleeping          |     9 |    18 ||    27
Armor: Robe              |     4 |     6 ||    10
Dodge: Dodged            |    17 |    15 ||    32
Block: Buckler           |     1 |     6 ||     7

Table legend: (Time is in decaauts)
 A = Elapsed time spent in this place.
 B = Non-inter-level travel time spent in this place.
 C = Inter-level travel time spent in this place.
 D = Time resting spent in this place.
 E = Time spent auto-exploring this place.
 F = Levels seen in this place.
 G = Mean time per level.
                   A        B        C        D        E       F      G
               +--------+--------+--------+--------+--------+-----+--------+
         Total |   2559 |   2524 |     35 |    210 |   1982 |   3 |  853.0 |
       Dungeon |   2559 |   2524 |     35 |    210 |   1982 |   3 |  853.0 |
               +--------+--------+--------+--------+--------+-----+--------+

Top non-repeatable levels by time:
     D:2: 1218 daAuts
     D:1: 949 daAuts
     D:3: 391 daAuts
